 Dungeon Crawl Stone Soup version 0.25-a0-366-g516bc45ae0 (webtiles) character file.

Game seed: 9762041139382977577, levelgen mode: deterministic

36083 DerDa the Fighter (level 13, -1/86 HPs)
             Began as a Minotaur Berserker on Jan 6, 2020.
             Was an Elder of Trog.
             Killed from afar by a wretched star (19 damage)
             ... with a lance of force
             ... on level 1 of the Abyss.
             The game lasted 00:43:02 (13592 turns).

DerDa the Fighter (Minotaur Berserker)             Turns: 13592, Time: 00:43:04

Health: -1/86      AC: 20    Str: 23      XL:     13   Next: 51%
Magic:  15/15      EV:  8    Int:  1 (4)  God:    Trog [****..]
Gold:   1536       SH:  0    Dex:  7      Spells: 12/12 levels left

rFire    . . .     SeeInvis +   a - +5 long sword of Demand {slice, rC+ rN+ Str-2 SInv Stlth+}
rCold    + + .     Gourm    .   (no shield)
rNeg     + . .     Faith    .   G - +0 crystal plate armour
rPois    .         Spirit   .   (helmet restricted)
rElec    .         Reflect  .   (no cloak)
rCorr    .         Harm     .   M - +0 pair of gloves {Str+3}
MR       ++...     Rnd*Rage +   J - +1 pair of boots
Stlth    ..........             P - amulet of regeneration
HPRegen  1.00/turn              I - +4 ring of slaying
MPRegen  0.14/turn              C - ring of protection from cold

@: about to teleport, regenerating (expiring)
A: retaliatory headbutt, horns 2, [berserk 2], [blurry vision 3], [clumsy 2],
[deformed body], [deterioration 2], [frail 3], [low mp 2], [screaming 2],
[inhibited regeneration], [weak 2], [no potion heal 2], [subdued magic 3]
a: Berserk, Trog's Hand, Brothers in Arms, Renounce Religion


You were on level 1 of the Abyss.
You worshipped Trog.
Trog was greatly pleased with you.
You were near starving.

You visited 3 branches of the dungeon, and saw 17 of its levels.
You visited the Abyss 1 time.
You also visited: Ossuary and Ice Cave.

You collected 1536 gold pieces.

Inventory:

Hand Weapons
 a - the +5 long sword of Demand (weapon) {slice, rC+ rN+ Str-2 SInv Stlth+}
   (Trog gifted it to you on level 8 of the Dungeon)

   It inflicts extra damage upon your enemies.
   It affects your strength (-2).
   It protects you from cold.
   It protects you from negative energy.
   It lets you see invisible.
   It makes you more stealthy.
 j - the +5 short sword of Koid {pain, rElec rPois rN+ Dex+4}
   (You found it on level 4 of the Lair of Beasts)

   In the hands of one skilled in necromantic magic, it inflicts extra damage on
   living creatures.
   It affects your dexterity (+4).
   It insulates you from electricity.
   It protects you from poison.
   It protects you from negative energy.
 F - a +2 hunting sling of flaming
 R - a +2 flail of flaming
Missiles
 i - 43 poisoned darts (quivered)
 l - 59 sling bullets
Armour
 G - a +0 crystal plate armour (worn)
 J - a +1 pair of boots (worn)
 M - a +0 pair of gloves of strength (worn)
Jewellery
 b - a +4 ring of strength
 o - an uncursed ring of fire
 C - a ring of protection from cold (right hand)
 H - an uncursed ring of resist corrosion
 I - a +4 ring of slaying (left hand)
 O - an uncursed ring of poison resistance
 P - an amulet of regeneration (around neck)
 Q - an uncursed ring of flight
Wands
 n - a wand of digging (6)
 r - a wand of scattershot (3)
 B - a wand of paralysis (10)
 D - a wand of enslavement (9)
 E - a wand of polymorph (9)
 X - a wand of flame (19)
 Z - a wand of acid (10)
Scrolls
 d - 10 scrolls of teleportation
 f - 11 scrolls of remove curse
 m - 5 scrolls of immolation
 t - 2 scrolls of enchant armour
 x - 3 scrolls of fog
 y - 4 scrolls of blinking
 K - 3 scrolls of fear
 L - 2 scrolls of holy word
 W - 3 scrolls of summoning
Potions
 e - a potion of agility {unknown}
 g - 2 potions of might
 h - a potion of resistance
 k - 16 potions of curing {unknown}
 p - 3 potions of mutation {unknown}
 u - 3 potions of degeneration {unknown}
 v - a potion of flight {unknown}
 w - 7 potions of brilliance {unknown}
 A - 5 potions of heal wounds {unknown}
 U - a potion of haste {unknown}
Miscellaneous
 z - a lightning rod (4/4)
Comestibles
 c - 33 rations


   Skills:
 + Level 14.3 Fighting
 - Level 3.6 Long Blades
 + Level 14.1 Armour
 + Level 13.1 Dodging
 + Level 9.9 Evocations


You had 12 spell levels left.
You didn't know any spells.
Your spell library was empty.

Dungeon Overview and Level Annotations

Branches:
Dungeon (11/15)            Temple (1/1) D:7            Lair (5/6) D:9
  Swamp (0/4) Lair:2       Spider (0/4) Lair:4        Slime (0/5) Lair:5
    Orc (0/2) D:9         Ossuary (visited)           IceCv (visited)

Altars:
Ashenzari
Cheibriados
Dithmenos
Elyvilon
Fedhas
Gozag
Hepliaklqana
Kikubaaqudgha
Makhleb
Nemelex Xobeh
Okawaru
Qazlal
Ru
Sif Muna
Trog
Uskayaw
Vehumet
Wu Jian
Xom
Yredelemnul
Zin
The Shining One
Beogh

Annotations:
Lair:5 Sonja


Innate Abilities, Weirdness & Mutations

You reflexively headbutt those who attack you in melee.
You have a pair of horns on your head.
[You often lose your temper in combat.]
[Scrolls take you much longer to read.]
[You are very clumsy. (Dex -4)]
[Armour fits poorly on your strangely shaped body.]
[Your body often deteriorates upon taking damage.]
[You are extremely frail. (-30% HP)]
[Your magical capacity is very low. (-20% MP)]
[You sometimes yell uncontrollably at your foes.]
[You do not regenerate when monsters are visible.]
[You are very weak. (Str -4)]
[Potions are poor at restoring your health.]
[Your spells are much easier to cast, but much less powerful.]


Message History

* * * LOW HITPOINT WARNING * * *
Your body deteriorates!
You feel dopey.
Keep reading the scroll? [Y]es or [N]o only, please.
Keep reading the scroll?
Keep reading the scroll? [Y]es or [N]o only, please.
Keep reading the scroll?
You are knocked back by the lance of force.
You begin reading the scroll.
You continue reading the scroll.
You feel the effects of Trog's Hand fading.
The insubstantial wisp gives a chilling moan.
You continue reading the scroll.
You recover from your berserk rage.
As you read the scroll of teleportation, it crumbles to dust.
You feel strangely unstable.
You feel the power of the Abyss delaying your translocation!
The wretched star glows turbulently.
The lance of force hits you!!
You die...

[...#... .#.
........ # .. . .#
... # ..##.#.#..###
..##...#....# ..
...# #.*....* ###
#.##.###. ..
#..#......#.###.
#...@####. #*..#
#...#.##.#.##..#..#
. ..#...#...###. .
## #..#*...# #..
#.#.....## .#..
...###...# ## #.##
#.#... . ......#
#....#.#


You could see a wretched star.

Vanquished Creatures
  The ghost of Yroovet the Grappler, a journeyman TrFi of Wu Jian (Lair:3)
  Erolcha (D:9)
  5 hydras
  Harold (D:10)
  A centaur warrior (D:11)
  2 two-headed ogres (D:8)
  A thrashing horror (Abyss:1)
  A wretched star (Abyss:1)
  Nergalle (Lair:2)
  A large abomination (Abyss:1)
  The ghost of dricus the Carver, a novice KoBe of Trog (D:6)
  2 ugly things (IceCv)
  A manticore (D:11)
  2 black mambas
  2 ice statues (IceCv)
  9 spiny frogs
  3 komodo dragons
  A kobold demonologist (D:11)
  5 trolls
  A jumping spider (Lair:4)
  Prince Ribbit (D:6)
  4 bog bodies (Lair:2)
  4 blink frogs (Lair:1)
  2 dream sheep (D:8)
  6 hippogriffs
  2 wyverns (D:11)
  Sigmund (D:4)
  34 yaks
  Eustachio (D:5)
  A basilisk (Lair:1)
  A wraith (D:11)
  A spectral komodo dragon (Lair:3)
  2 fire elementals (Lair:3)
  2 fire bats (Lair:3)
  A warg (D:6)
  Menkaure (D:6)
  A swamp worm (Lair:2)
  A hell hound (Lair:3)
  6 water moccasins
  4 porcupines
  5 orc warriors
  10 ice beasts
  2 black bears
  A phantom (D:8)
  3 sky beasts
  A black mamba simulacrum (Lair:3)
  An eye of draining (D:9)
  6 ogres
  5 centaurs
  8 crocodiles
  5 big kobolds
  14 bullfrogs
  A spiny frog simulacrum (Lair:3)
  3 scorpions
  3 killer bees (D:9)
  12 wights
  4 electric eels (Lair:2)
  6 howler monkeys
  5 crimson imps
  2 quasits
  3 hounds
  A bullfrog zombie (D:9)
  2 bullfrog skeletons
  4 orc priests
  6 iguanas
  10 orc wizards
  5 worker ants
  A killer bee zombie (D:7)
  A hound skeleton (D:4)
  3 hound zombies
  8 mummies (Ossuary)
  A worker ant zombie (D:8)
  A howler monkey skeleton (D:7)
  6 gnolls
  15 adders
  4 shadow imps
  An ooze (D:2)
  A worm zombie (D:4)
  An adder skeleton (D:6)
  4 worms
  7 dart slugs
  5 leopard geckos
  38 orcs
  A ball python (D:3)
  2 giant cockroaches
  A gnoll zombie (Ossuary)
  6 goblins
  9 hobgoblins
  21 jackals
  5 quokkas
  4 bats
  2 frilled lizards
  2 hobgoblin zombies (Ossuary)
  9 kobolds
  3 kobold zombies (Ossuary)
  A leopard gecko zombie (D:6)
  2 orc zombies (Ossuary)
  A quokka zombie (D:5)
  8 rats
  A fungus (D:9)
  A plant (D:9)
422 creatures vanquished.

Vanquished Creatures (others)
  A spectral spiny frog (Lair:3)
  A worker ant (D:5)
  5 fungi
  7 plants
14 creatures vanquished.

Grand Total: 436 creatures vanquished

Notes
Turn   | Place    | Note
-------+----------+-------------------------------------------
     0 | D:1      | DerDa the Minotaur Berserker began the quest for the Orb.
     0 | D:1      | Reached XP level 1. HP: 19/19 MP: 0/0
    87 | D:1      | Reached XP level 2. HP: 17/27 MP: 1/1
   368 | D:1      | Reached XP level 3. HP: 23/33 MP: 2/2
   371 | D:1      | Reached ** piety under Trog
   486 | D:2      | Found a blossoming altar of Fedhas.
   870 | D:2      | Reached XP level 4. HP: 41/41 MP: 3/3
  1802 | D:4      | Reached skill level 5 in Fighting
  1802 | D:4      | Reached XP level 5. HP: 42/48 MP: 4/4
  1813 | D:4      | Noticed an ogre
  1820 | D:4      | Killed an ogre
  1832 | D:4      | Found a sand-covered staircase.
  1846 | Ossuary  | Entered an ossuary
  1856 | Ossuary  | Reached *** piety under Trog
  1879 | Ossuary  | Reached XP level 6. HP: 17/56 MP: 5/5
  2369 | Ossuary  | Reached skill level 5 in Armour
  2789 | D:4      | Noticed Sigmund
  2799 | D:4      | Killed Sigmund
  2799 | D:4      | Reached skill level 5 in Dodging
  2804 | D:4      | Reached XP level 7. HP: 50/63 MP: 6/6
  3102 | D:5      | Entered Level 5 of the Dungeon
  3102 | D:5      | Found a shimmering altar of Xom.
  3110 | D:5      | Noticed Eustachio
  3433 | D:5      | Paralysed by Eustachio for 6 turns
  3443 | D:5      | Killed Eustachio
  3591 | D:5      | Reached XP level 8. HP: 33/73 MP: 7/7
  3967 | D:6      | Noticed Menkaure
  3970 | D:6      | Killed Menkaure
  4136 | D:6      | Reached **** piety under Trog
  4307 | D:6      | Found an ancient bone altar of Kikubaaqudgha.
  4307 | D:6      | Found a glowing silver altar of Zin.
  4327 | D:6      | Found a burning altar of Makhleb.
  4402 | D:6      | Noticed Prince Ribbit
  4424 | D:6      | Killed Prince Ribbit
  4424 | D:6      | Reached skill level 1 in Evocations
  4524 | D:6      | Found a runed translucent gate.
  4524 | D:6      | Noticed dricus's ghost (novice KoBe)
  4526 | D:6      | Found a runed translucent gate.
  4527 | D:6      | Found a runed translucent gate.
  4533 | D:6      | Found a roughly hewn altar of Beogh.
  5082 | D:7      | Found an iron altar of Okawaru.
  5137 | D:7      | Reached XP level 9. HP: 79/82 MP: 8/10
  5190 | D:7      | Found a staircase to the Ecumenical Temple.
  5201 | Temple   | Entered the Ecumenical Temple
  5925 | D:8      | Noticed a two-headed ogre
  5936 | D:8      | Killed a two-headed ogre
  5937 | D:8      | Noticed a two-headed ogre
  5947 | D:8      | Killed a two-headed ogre
  5947 | D:8      | Reached skill level 10 in Fighting
  5947 | D:8      | Reached XP level 10. HP: 11/93 MP: 12/12
  6500 | D:8      | Reached skill level 5 in Evocations
  6502 | D:8      | Reached skill level 10 in Armour
  6508 | D:8      | Reached ***** piety under Trog
  6508 | D:8      | Received a gift from Trog
  6509 | D:8      | Noticed a three-headed hydra
  6522 | D:8      | Killed a three-headed hydra
  6540 | D:8      | Got a slimy long sword {god gift}
  6540 | D:8      | Identified the +5 long sword of Demand {slice, rC+ rN+
                  | Str-2 SInv Stlth+} (Trog gifted it to you on level 8 of the
                  | Dungeon)
  6907 | D:6      | Killed dricus's ghost
  7182 | D:9      | Found a staircase to the Lair.
  7330 | D:9      | Reached skill level 10 in Dodging
  7349 | D:9      | Reached XP level 11. HP: 90/102 MP: 2/14
  7373 | D:9      | Noticed Erolcha
  7380 | D:9      | Killed Erolcha
  7565 | D:9      | Found a staircase to the Orcish Mines.
  7589 | D:9      | Received a gift from Trog
  7847 | Lair:1   | Entered Level 1 of the Lair of Beasts
  7888 | D:10     | Entered Level 10 of the Dungeon
  8233 | D:10     | Noticed Harold
  8241 | D:10     | Killed Harold
  9332 | D:11     | Received a gift from Trog
  9389 | D:11     | Noticed a centaur warrior
  9399 | D:11     | Killed a centaur warrior
  9622 | D:9      | Identified the +7 hand axe of Misery {distort, rF+++ rC-
                  | Str+4}
  9703 | Lair:1   | Reached XP level 12. HP: 97/113 MP: 16/16
  9767 | Lair:1   | Noticed a four-headed hydra
  9781 | Lair:1   | Killed a four-headed hydra
  9847 | Lair:1   | Got a twisted hand axe
 10364 | Lair:1   | Identified the +8 hand axe of Inflation {freeze, rN++
                  | Int-3} (You found it on level 1 of the Lair of Beasts)
 10455 | Lair:2   | Found a staircase to the Swamp.
 10643 | Lair:2   | Noticed Nergalle
 10658 | Lair:2   | Killed Nergalle
 10956 | Lair:2   | Received a gift from Trog
 11316 | Lair:3   | Found a transporter.
 11329 | Lair:3   | Noticed a seven-headed hydra
 11338 | Lair:3   | Killed an eight-headed hydra
 11495 | Lair:3   | Found a runed translucent gate.
 11496 | Lair:3   | Found a runed translucent gate.
 11498 | Lair:3   | Found a runed translucent gate.
 11500 | Lair:3   | Noticed Yroovet's ghost (journeyman TrFi)
 11781 | Lair:3   | Found a transporter.
 11947 | Lair:3   | Reached XP level 13. HP: 110/122 MP: 18/18
 11962 | Lair:3   | Killed Yroovet's ghost
 12256 | Lair:4   | Received a gift from Trog
 12634 | Lair:4   | Found a hide-covered altar of Uskayaw.
 12757 | Lair:4   | Got a crude short sword
 12916 | Lair:4   | Found a hole to the Spider Nest.
 13101 | Lair:4   | Identified the +5 short sword of Koid {pain, rElec rPois
                  | rN+ Dex+4} (You found it on level 4 of the Lair of Beasts)
 13157 | Lair:5   | Found a frozen archway.
 13161 | Lair:5   | Noticed Sonja
 13331 | IceCv    | Entered an ice cave
 13380 | IceCv    | Found a transporter.
 13401 | IceCv    | Found a transporter.
 13466 | Lair:5   | Cast into level 1 of the Abyss (Sonja)
 13592 | Abyss:1  | Killed from afar by a wretched star

Levels and vault maps discovered:
D:1:      lightli_arrival_noodles, layout_rooms
D:2:      layout_loops_ring, grunt_ministairs_14, dk_noncrumbling_3,
          st_stairs_13, fedhas_altar_2
D:3:      layout_basic, serial_bayou_pond_d, minmay_checkerbox
D:4:      layout_gridville, enter_ossuary_3, nrook_uturn,
          grunt_decor_one_mirror, uniq_sigmund
D:5:      layout_rooms, xom_confusion_cloud, first_ration, uniq_eustachio
D:6:      layout_basic, chequers_temple_overflow_statue_of_worship,
          kennysheep_mini, biasface_ghost_orc_armoury,
          hangedman_abyss_or_decor_stagger, bh_walls_and_bars,
          uniq_prince_ribbit1, uniq_menkaure
D:7:      layout_basic, minmay_temple_entry_wispy, basic_altar
D:8:      layout_basic, hangedman_ranch [blue_anna_fruit_fields]
D:9:      layout_basic, dpeg_oklobed_lair, kennysheep_decorative_pillar,
          uniq_erolcha
D:10:     layout_small_grid, uniq_harold
D:11:     minmay_diamond_stairs, layout_irregular_city
Temple:   dpeg_five_rooms_temple
Lair:1:   layout_misc_corridors
Lair:2:   layout_regular_city, nicolae_swamp_entry_splash_gauntlet,
          serial_bayou_pond_e, serial_bayou_shore_a, infiniplex_staircase_pool,
          uniq_nergalle
Lair:3:   gammafunk_cloud_chamber, layout_misc_corridors,
          gammafunk_ghost_necromancy, lemuel_fruit_tree
Lair:4:   layout_long_grid, spider_nest_entry_funnel_web, basic_altar,
          grunt_megastairs_2
Lair:5:   layout_loops_ring, slime_dummy, portal_ice_cave_entry_pillars_2,
          beast_lair_carwin_11, grunt_megastairs_4, uniq_sonja
Abyss:1:  base: D:5, evilmike_abyss_exit_4, lemuel_flamethrower_hall

Skill      XL: |  1  2  3  4  5  6  7  8  9 10 11 12 13 |
---------------+----------------------------------------+-----
Fighting       | 4 5 6 7 8 10 11 12 13 14 | 14.3
Armour         | 3 4 5 6 8 9 10 12 13 14 | 14.1
Dodging        | 3 4 5 6 7 8 10 11 12 13 | 13.1
Evocations     | 2 4 6 7 9 |  9.9
Long Blades    | |  3.6

Action                   |  1- 3 |  4- 6 |  7- 9 | 10-12 | 13-15 || total
-------------------------+-------+-------+-------+-------+-------++-------
Melee: Falchion          |    74 |   121 |   256 |       |       ||   451
       Headbutt          |    12 |    26 |    80 |   153 |    59 ||   330
       Long sword        |       |       |    28 |   525 |   130 ||   683
       Flail             |       |       |       |    33 |     9 ||    42
 Fire: Hunting sling     |       |       |       |     5 |       ||     5
Throw: Dart              |       |       |       |       |     3 ||     3
Invok: Berserk           |       |     1 |     1 |     2 |     4 ||     8
       Trog's Hand       |       |     1 |       |     1 |     2 ||     4
Evoke: Lightning rod     |       |       |       |       |     1 ||     1
  Use: Scroll            |       |       |     7 |     7 |     6 ||    20
       Potion            |       |       |       |     1 |       ||     1
 Stab: Sleeping          |       |     1 |       |       |     1 ||     2
  Eat: Chunk             |       |     5 |     9 |    24 |     5 ||    43
       Ration            |       |     1 |       |       |     1 ||     2
Armor: Animal skin       |     5 |       |       |       |       ||     5
       Ring mail         |     6 |    25 |    51 |       |       ||    82
       Crystal plate arm |       |       |   108 |   542 |   170 ||   820
Dodge: Dodged            |    42 |    68 |   177 |   412 |   120 ||   819
       Rpst.: Falchion   |    12 |    12 |    39 |       |       ||    63
       Long sword        |       |       |     2 |    91 |    24 ||   117

Table legend:
 A = Non-vault XP
 B = Vault XP
 C = Vault XP percentage of total XP
 D = Non-vault monster count
 E = Vault monster count
 F = Vault count percentage of total count
                 A         B        C        D         E       F
            +---------+---------+-------+---------+---------+-------
      Total |   35149 |   16399 |  31.8 |     331 |      90 |  21.4
            +---------+---------+-------+---------+---------+-------
        D:1 |      46 |       0 |   0.0 |      20 |       0 |   0.0
        D:2 |      56 |       4 |   6.7 |      18 |       3 |  14.3
        D:3 |      66 |      20 |  23.3 |      20 |       4 |  16.7
        D:4 |     237 |     261 |  52.4 |       7 |       4 |  36.4
        D:5 |     306 |     283 |  48.0 |      15 |       4 |  21.1
        D:6 |     335 |    1704 |  83.6 |      20 |      15 |  42.9
        D:7 |    1036 |       0 |   0.0 |      20 |       0 |   0.0
        D:8 |    3100 |    2212 |  41.6 |      30 |       8 |  21.1
        D:9 |    2263 |    1027 |  31.2 |      37 |       1 |   2.6
       D:10 |    1823 |     976 |  34.9 |      29 |       1 |   3.3
       D:11 |    3402 |    1281 |  27.4 |      31 |       3 |   8.8
     Lair:1 |    4200 |       0 |   0.0 |      13 |       0 |   0.0
     Lair:2 |    4737 |    2031 |  30.0 |      25 |       7 |  21.9
     Lair:3 |    5456 |    2699 |  33.1 |      22 |      10 |  31.2
     Lair:4 |    4599 |     655 |  12.5 |      18 |       2 |  10.0
     Lair:5 |    1153 |     408 |  26.1 |       3 |       2 |  40.0
    Abyss:1 |    2334 |       0 |   0.0 |       3 |       0 |   0.0
    Ossuary |       0 |     149 | 100.0 |       0 |      16 | 100.0
      IceCv |       0 |    2689 | 100.0 |       0 |      10 | 100.0
            +---------+---------+-------+---------+---------+-------
